Map: Подводный мир РВ

Players

Prøject - Winner!

  • Race: Terran Terran
  • League: Master
  • Spawn Location: 11:00

Xrestos

  • Race: Protoss Protoss
  • League: Master
  • Spawn Location: 5:00

VOD

Have the link to the VOD?

Description

Time

  • Played on: Aug. 26, 2020, 10:42 p.m.
  • Length: 15:56
Show
View Real Time Build Order
Export as new Build Order

Prøject Terran - Winner!

Build Orders: Reaper Expand 

Get SALT Encoding   

  12  0:00  SCV  
  13  0:12  SCV  
  14  0:17  Supply Depot  
  14  0:24  SCV  
  15  0:38  SCV  
  15  0:40  Barracks  
  16  0:45  Refinery  
  16  0:50  SCV  
  17  1:03  SCV  
  18  1:15  SCV  
  19  1:29  Reaper, Orbital Command  
  20  1:44  Command Center  
  20  1:53  Supply Depot  
  20  1:57  SCV  
  21  2:01  Marine  
  22  2:09  SCV  
  22  2:12  Factory  
  23  2:21  SCV, Bunker  
  23  2:22  Barracks Reactor  
  24  2:33  SCV  
  24  2:35  Refinery  
  25  2:45  SCV  
  26  2:56  Hellion  
  26  2:57  SCV  
  29  2:59  Marine x2  
  29  3:00  Orbital Command  
  31  3:07  Starport  
  31  3:09  SCV  
  32  3:18  Marine x2  
  32  3:19  Factory Tech Lab  
  34  3:21  SCV  
  34  3:25  Supply Depot  
  34  3:26  SCV  
  36  3:33  SCV  
  37  3:37  Marine x2  
  37  3:39  SCV  
  40  3:46  SCV, Factory Tech Lab  
  39  3:51  SCV  
  40  3:58  SCV  
  40  4:00  Marine x2  
  40  4:01  Raven  
  45  4:03  SCV  
  45  4:06  Barracks  
  45  4:07  Barracks  
  45  4:09  Supply Depot  
  46  4:10  SCV  
  46  4:14  Engineering Bay  
  46  4:15  SCV  
  48  4:22  SCV, Marine  
  53  4:27  SCV  
  51  4:33  Refinery  
  51  4:34  SCV  
  52  4:39  SCV  
  52  4:40  Marine  
  52  4:41  Factory Reactor, Marine  
  52  4:44  Terran Infantry Weapons Level 1  
  55  4:46  SCV  
  55  4:47  Refinery  
  55  4:51  SCV  
  57  4:54  Starport Reactor  
  57  5:00  Marine  
  57  5:01  Combat Shield, Stimpack, Marine  
  57  5:03  Marauder  
  57  5:05  SCV  
  62  5:10  SCV, Marauder  
  62  5:12  Supply Depot  
  62  5:13  Supply Depot  
  65  5:18  SCV  
  65  5:19  Widow Mine x2  
  70  5:33  SCV, Medivac, Marine x2  
  70  5:34  Marauder  
  70  5:35  Medivac, Marauder  
  81  5:38  Supply Depot  
  81  5:43  Widow Mine  
  81  5:44  Supply Depot  
  82  5:51  Marine  
  82  5:53  Marine  
  82  5:55  Marauder  
  86  6:00  Marauder  
  86  6:02  Supply Depot  
  88  6:07  Supply Depot  
  88  6:10  Command Center, Marine  
  89  6:13  Marine  
  89  6:16  Marauder  
  92  6:20  Concussive Shells  
  92  6:22  Marauder, Widow Mine x2  
  98  6:30  Barracks  
  98  6:31  Barracks  
  98  6:32  SCV x2  
  100  6:34  Marine  
  100  6:38  Marauder  
  101  6:49  Marauder  
  101  6:51  Marine  
  101  6:52  Widow Mine x2, Marine  
  101  6:53  SCV x2  
  105  6:56  Medivac  
  105  6:59  Medivac, Marauder  
  111  7:05  SCV, Terran Infantry Armor Level 1  
  112  7:14  SCV  
  113  7:16  Widow Mine x2  
  113  7:19  Supply Depot  
  113  7:20  Barracks Reactor  
  113  7:21  Barracks Tech Lab  
  117  7:23  Supply Depot  
  117  7:27  SCV x2  
  117  7:29  Medivac  
  121  7:44  Marauder x2, Marine x2  
  127  7:56  SCV x2, Marauder  
  127  7:57  Orbital Command  
  131  8:02  Engineering Bay, Marine x2  
  131  8:03  Armory  
  133  8:06  Marauder  
  133  8:08  SCV  
  129  8:15  Marauder, Marine x2  
  129  8:17  Marauder, Ghost Academy  
  129  8:19  Supply Depot x2  
  123  8:34  Marauder, Marine x2  
  123  8:35  SCV x3  
  123  8:36  Marauder  
  123  8:37  Refinery  
  123  8:38  Refinery  
  132  8:51  SCV x2  
  134  8:59  Terran Infantry Armor Level 2  
  134  9:00  Terran Infantry Weapons Level 2  
  134  9:01  Viking x2  
  138  9:07  Terran Ship Weapons Level 1  
  138  9:08  Enhanced Shockwaves, Command Center  
  138  9:13  SCV x3  
  141  9:27  Marauder x3, Marine x3  
  150  9:35  Marine  
  150  9:36  Viking  
  147  9:45  Marine  
  141  9:49  Marauder x2  
  131  9:55  Marine  
  131  9:56  Marauder, Marine x2  
  131  9:57  Viking  
  129  10:01  SCV x3  
  129  10:03  Marine  
  129  10:06  Viking  
  133  10:09  Marine  
  133  10:10  Marauder  
  133  10:13  SCV  
  133  10:14  Barracks  
  137  10:16  Barracks x2  
  137  10:23  Bunker  
  141  10:29  Viking  
  145  10:49  Marine  
  145  10:50  Marine  
  145  10:51  Missile Turret x2  
  145  10:54  Missile Turret  
  145  10:56  Unknown  
  145  10:57  Unknown  
  151  10:59  Medivac x2, Unknown  
  151  11:02  Barracks Reactor  
  151  11:03  Barracks Tech Lab  
  157  11:04  Barracks Tech Lab  
  157  11:07  Starport  
  157  11:16  Refinery  
  157  11:19  Supply Depot, Terran Ship Weapons Level 2  
  157  11:20  Supply Depot x2  
  157  11:21  Terran Infantry Weapons Level 3  
  157  11:25  Unknown x2, Refinery  
  157  11:28  Unknown, Marine x2  
  163  11:38  Viking x2  
  167  11:42  Marine x2  
  167  11:43  Marine  
  174  11:49  Fusion Core  
  174  11:53  Planetary Fortress  
  174  11:56  SCV x3, Unknown  
  174  11:57  Unknown  
  177  12:03  Terran Infantry Armor Level 3  
  178  12:08  SCV  
  178  12:11  Unknown x2  
  178  12:17  Marine x3  
  178  12:18  Marine  
  178  12:19  Command Center  
  182  12:51  Liberator x4  
  175  13:15  Marauder x5, Marine x5  
  185  13:21  Command Center  
  185  13:24  Advanced Ballistics  
  182  13:34  Liberator x2  
  182  13:36  Marauder  
  182  13:38  Liberator x2  
  195  13:42  Factory Reactor  
  195  13:44  Starport  
  195  13:49  Command Center  
  193  14:14  Planetary Fortress  
  184  14:42  Factory Reactor  
  184  14:48  Missile Turret  
  184  14:49  Liberator x5  
  186  15:19  Marauder x3  
  133  15:23  Viking  
  133  15:27  Marauder x2  
  139  15:30  Orbital Command  
  139  15:35  Command Center  
  143  15:36  Command Center  
  143  15:37  Marine x2  
Show
View Real Time Build Order
Export as new Build Order

Xrestos Protoss 

Build Orders: 1 Gate Expand, Blink Stalkers, Colossus Rush 

Get SALT Encoding   

  12  0:01  Probe  
  13  0:13  Probe  
  14  0:17  Pylon  
  14  0:25  Probe (Chrono Boost)  
  15  0:37  Probe (Chrono Boost)  
  15  0:40  Gateway  
  16  0:45  Probe (Chrono Boost)  
  16  0:46  Assimilator  
  17  0:51  Probe  
  18  1:04  Probe (Chrono Boost)  
  19  1:13  Probe (Chrono Boost)  
  19  1:18  Probe (Chrono Boost)  
  21  1:26  Nexus  
  22  1:35  Cybernetics Core  
  22  1:38  Probe  
  22  1:45  Assimilator  
  22  1:50  Probe  
  22  1:53  Pylon  
  23  2:09  Stalker (Chrono Boost)  
  23  2:11  Probe  
  26  2:17  Twilight Council  
  26  2:23  Probe  
  27  2:31  Stalker  
  27  2:35  Probe  
  30  2:38  Probe  
  31  2:51  Probe (Chrono Boost), Warp Gate  
  32  2:52  Probe (Chrono Boost)  
  33  2:59  Blink (Chrono Boost)  
  33  3:02  Probe (Chrono Boost)  
  33  3:03  Probe (Chrono Boost)  
  35  3:07  Probe (Chrono Boost)  
  35  3:10  Stalker  
  39  3:17  Probe (Chrono Boost)  
  39  3:18  Probe (Chrono Boost), Pylon  
  40  3:25  Probe (Chrono Boost)  
  40  3:26  Probe (Chrono Boost), Robotics Facility  
  42  3:33  Probe  
  43  3:36  Probe  
  43  3:40  Stalker  
  46  3:45  Probe  
  46  3:48  Probe  
  48  3:57  Probe  
  48  4:00  Probe, Gateway  
  48  4:01  Gateway  
  48  4:02  Assimilator  
  50  4:07  Assimilator  
  50  4:08  Pylon  
  50  4:09  Probe  
  51  4:12  Probe  
  51  4:13  Observer (Chrono Boost)  
  53  4:22  Probe  
  53  4:23  Robotics Bay  
  54  4:26  Probe  
  54  4:29  Forge  
  55  4:34  Probe  
  56  4:40  Observer  
  56  4:43  Stalker  
  60  4:45  Probe  
  60  4:50  Pylon  
  60  4:55  Gateway  
  60  4:57  Charge (Chrono Boost)  
  60  5:01  Gateway  
  60  5:06  Protoss Ground Weapons Level 1 (Chrono Boost)  
  60  5:09  Nexus  
  60  5:10  Colossus (Chrono Boost)  
  60  5:11  Pylon  
  66  5:20  Zealot x2  
  70  5:23  Pylon  
  70  5:27  Pylon  
  70  5:29  Extended Thermal Lance  
  70  5:42  Probe x2  
  70  5:54  Probe, Colossus (Chrono Boost)  
  70  5:55  Sentry, Zealot  
  70  5:56  Zealot x3  
  87  6:08  Probe  
  88  6:12  Pylon  
  88  6:16  Shield Battery  
  88  6:17  Shield Battery  
  88  6:20  Pylon  
  88  6:23  Zealot x2  
  88  6:24  Zealot x2  
  88  6:25  Zealot  
  98  6:28  Probe  
  98  6:29  Probe  
  100  6:36  Probe  
  100  6:39  Pylon  
  97  6:52  Probe x2  
  97  6:53  Colossus (Chrono Boost)  
  91  6:54  Assimilator  
  91  6:55  Probe  
  91  6:59  Assimilator  
  92  7:04  Probe x2  
  92  7:06  Zealot x5  
  92  7:08  Probe  
  105  7:14  Templar Archives  
  105  7:16  Probe x2  
  105  7:20  Probe  
  108  7:28  Probe x2  
  108  7:32  Pylon  
  108  7:34  Stalker  
  108  7:35  Stalker x2  
  108  7:36  Probe  
  115  7:40  Probe  
  115  7:41  Probe  
  117  7:48  Psionic Storm  
  117  7:49  Probe  
  118  7:53  Probe x2  
  118  7:55  Stalker x2  
  124  8:01  Gateway  
  124  8:04  Gateway  
  116  8:14  Observer  
  116  8:16  Zealot  
  116  8:17  Zealot x2  
  116  8:18  Zealot  
  115  8:32  Forge  
  115  8:34  Probe, Forge  
  115  8:35  Observer  
  115  8:37  Pylon  
  117  8:42  Zealot x4  
  125  8:50  Pylon  
  125  8:55  Pylon  
  125  9:04  Pylon  
  125  9:06  Pylon  
  125  9:07  Pylon, Colossus (Chrono Boost)  
  131  9:14  Pylon  
  131  9:17  Shield Battery  
  131  9:24  High Templar x5  
  133  9:26  Robotics Facility  
  133  9:27  High Templar x2  
  133  9:28  Archon x2  
  145  9:31  Archon  
  119  9:57  Zealot x4  
  119  9:58  Zealot  
  119  10:02  Probe  
  120  10:08  Probe x2  
  120  10:09  Forge  
  120  10:10  Forge  
  120  10:14  Probe  
  123  10:16  Warp Prism  
  123  10:17  Observer  
  123  10:20  Probe  
  127  10:22  Probe  
  127  10:26  Probe  
  129  10:32  Probe  
  129  10:34  Protoss Ground Weapons Level 2 (Chrono Boost)  
  130  10:38  Pylon  
  130  10:39  Pylon  
  130  10:41  Protoss Ground Armor Level 1 (Chrono Boost)  
  130  10:42  High Templar x3  
  136  10:44  High Templar  
  136  10:48  Archon  
  138  11:05  Archon  
  138  11:10  Disruptor x2 (Chrono Boost)  
  137  11:16  Zealot x4  
  137  11:17  Zealot x2  
  155  11:21  Probe  
  155  11:22  Probe x2  
  158  11:29  Pylon  
  158  11:36  Shield Battery  
  158  11:37  Shield Battery, Photon Cannon  
  158  11:38  Pylon  
  158  11:43  High Templar x3  
  164  11:48  Pylon  
  164  11:55  Sentry x2  
  168  12:06  Disruptor x2  
  174  12:18  Zealot x7  
  188  12:24  Pylon  
  188  12:25  Pylon  
  188  12:37  Protoss Ground Armor Level 2 (Chrono Boost)  
  176  13:04  Zealot x2  
  176  13:05  Zealot x3  
  160  13:12  Zealot x2  
  150  13:18  Colossus (Chrono Boost)  
  150  13:19  Archon  
  153  13:28  Colossus (Chrono Boost)  
  153  13:30  Zealot x5  
  163  13:47  Gateway  
  159  13:49  Gateway  
  159  13:50  Gateway  
  159  13:52  Gateway  
  159  13:53  Gateway  
  158  13:58  High Templar x2  
  158  13:59  Zealot x2, High Templar  
  168  14:05  Nexus, Disruptor  
  168  14:07  Assimilator  
  168  14:08  Assimilator  
  165  14:11  Pylon  
  165  14:15  Probe, Disruptor  
  169  14:18  Zealot  
  169  14:19  Zealot x3  
  177  14:25  Pylon  
  177  14:40  Stalker x2  
  177  14:41  Stalker x3, Observer  
  188  14:51  Pylon, Sentry x3, Observer  
  192  15:05  Stalker x3  
  93  15:22  Zealot x4  
  93  15:26  Stalker  
  98  15:42  Stalker x2  
  102  15:43  Stalker  
  102  15:45  Sentry  
  102  15:46  Sentry  
Tags
 
Add a new tag
Caveats
  • Supply blocks, unpowered buildings, or Contaminate may cause inaccurate times.
  • Supply counts are checked every 10 seconds.